 Dungeon Crawl Stone Soup version 0.19-a0-1132-g9ec05d1 (webtiles) character file.

100 AlphabetPasta the Vexing (level 4, -1/39 HPs)
             Began as a Troll Enchanter on Aug 12, 2016.
             Was an Initiate of Cheibriados.
             Slain by a small abomination (14 damage)
             ... on level 1 of the Abyss.
             The game lasted 00:07:12 (1824 turns).

AlphabetPasta the Vexing (Troll Enchanter)          Turns: 1824, Time: 00:07:13

Health: -1/39      AC:  6    Str: 17    XL:     4   Next: 47%
Magic:  1/5        EV: 10    Int: 13    God:    Cheibriados [......]
Gold:   55         SH:  0    Dex: 11    Spells: 3 memorised, 0 levels left

rFire  . . .     SeeInvis .     a - +1 dagger
rCold  . . .     Gourm    +     b - +1 robe
rNeg   . . .     Faith    .     (no shield)
rPois  .         Spirit   .     (helmet restricted)
rElec  .         Dismiss  .     (no cloak)
rCorr  .         Reflect  .     (gloves unavailable)
SustAt .         Harm     .     (boots unavailable)
MR     .....                    (no amulet)
Stlth  ++........               (no ring)
                                (no ring)

@: very slow
A: unfitting armour, claws 3, fast metabolism 3, gourmand, regeneration 2,
shaggy fur 1, tough skin 2
a: Bend Time, Renounce Religion


You were on level 1 of the Abyss.
You worshipped Cheibriados.
Cheibriados was noncommittal.
You were completely stuffed.

You visited 1 branch of the dungeon, and saw 2 of its levels.
You visited the Abyss 1 time.

You collected 55 gold pieces.

Inventory:

Hand Weapons
 a - a +1 dagger (weapon)
Armour
 b - a +1 robe (worn)
Jewellery
 g - a cursed -5 ring of strength {unknown}
 l - an uncursed amulet of guardian spirit {unknown}
 n - an uncursed ring of magical power {unknown}
Scrolls
 f - 2 scrolls of enchant weapon {unknown}
 h - a scroll of remove curse {unknown}
 m - a scroll of noise {unknown}
Potions
 e - 2 potions of lignification {unknown}
 i - 2 potions of curing {unknown}
 k - a potion of brilliance {unknown}
Books
 c - a book of Maledictions

   Spells                             Type                      Level
   a - Corona                         Hexes                        1
   b - Ensorcelled Hibernation        Hexes/Ice                    2
   c - Confuse                        Hexes                        3
   d - Tukima's Dance                 Hexes                        3
   e - Dazzling Spray                 Conjuration/Hexes            3
Comestibles
 d - 4 bread rations
 j - 3 chunks of flesh


   Skills:
 + Level 1.7 Short Blades
 + Level 2.1 Dodging
 + Level 2.2 Stealth
 + Level 1.6 Spellcasting
 + Level 2.4 Hexes
 + Level 0.0 Invocations


You couldn't memorise any spells.
You knew the following spells:

 Your Spells              Type           Power        Failure   Level  Hunger
a - Corona                Hex            #......      12%         1    ##.....
b - Ensorcelled Hibernat  Hex/Ice        #.....       24%         2    ###....
c - Confuse               Hex            #.......     34%         3    ####...


Dungeon Overview and Level Annotations

Branches:
Dungeon (2/15)

Altars:
Cheibriados
Gozag
Uskayaw
Vehumet

Annotations:
D:2 Crazy Yiuf


Innate Abilities, Weirdness & Mutations

You are too large for most types of armour.
You have claws for hands.
Your metabolism is lightning-fast.
You like to eat raw meat.
You heal very quickly.
You are covered in fur. (AC +1)
You have very tough skin. (AC +2)


Message History

You hit the small abomination but do no damage.
The small abomination hits you!
You closely miss the small abomination.
The small abomination barely misses you.
You hit the small abomination but do no damage.
The small abomination hits you!
Casting: Ensorcelled Hibernation
Confirm with . or Enter, or press ? or * to list all spells.
You can't see any susceptible monsters within range! (Use Z to cast anyway.)
Casting: Ensorcelled Hibernation
Confirm with . or Enter, or press ? or * to list all spells.
Aiming: Confuse
Press: ? - help, Shift-Dir - straight line, f - small abomination
Aim: a small abomination (chance to defeat MR: 23%)
The small abomination resists with almost no effort.
The small abomination closely misses you.
The small abomination hits you.
You hit the small abomination but do no damage.
The small abomination hits you!
You die...

.. #. # .# ###.##
..# .#...##.#
.#.#... # .....
#.. ##..#.#..##
#....##....##
#.#####....#.##.#
#...@x.#.###.# ##
#.#.###...#
...### ###...###
# . '.# #. #.## .
. # .. ## ##..#
## ## ..# x.# ##
.#


You could see a small abomination.

Vanquished Creatures
  5 adders (D:2)
  A worm (D:2)
  A dart slug (D:2)
  2 giant geckos (D:2)
  A giant cockroach (D:2)
  4 goblins
  7 hobgoblins
  9 jackals
  4 kobolds
  A quokka (D:2)
  3 bats
  3 giant newts
  4 rats (D:2)
45 creatures vanquished.

Notes
Turn   | Place    | Note
-------+----------+-------------------------------------------
     0 | D:1      | AlphabetPasta the Troll Enchanter began the quest for the Orb.
     0 | D:1      | Reached XP level 1. HP: 16/16 MP: 1/1
   386 | D:1      | Reached skill level 1 in Short Blades
   485 | D:1      | Reached XP level 2. HP: 24/24 MP: 2/2
   492 | D:1      | Learned a level 2 spell: Ensorcelled Hibernation
  1001 | D:2      | Reached XP level 3. HP: 25/31 MP: 0/4
  1329 | D:2      | Found an opulent altar of Gozag.
  1445 | D:2      | Reached XP level 4. HP: 29/39 MP: 3/5
  1591 | D:2      | Found a snail-covered altar of Cheibriados.
  1595 | D:2      | Found a radiant altar of Vehumet.
  1600 | D:2      | Found a hide-covered altar of Uskayaw.
  1610 | D:2      | Became a worshipper of Cheibriados the Contemplative
  1778 | D:2      | Found a runed door.
  1782 | D:2      | Noticed Crazy Yiuf
  1790 | D:2      | Cast into level 1 of the Abyss (Crazy Yiuf)
  1795 | Abyss:1  | Learned a level 3 spell: Confuse
  1813 | Abyss:1  | Noticed a small abomination
  1824 | Abyss:1  | Slain by a small abomination

Vault maps used:
D:1:      minmay_arrival_split_and_join, corexii_hall_statues_t
D:2:      kennysheep_six_static_rooms, old_standard_altar,
          minmay_overflow_temple_star_quad, uniq_crazy_yiuf_cottage

Skill      XL: |  1  2  3  4 |
---------------+-------------+-----
Stealth        | 2 |  2.2
Short Blades   | 1 |  1.7
Dodging        | 2 |  2.1
Spellcasting   | |  1.6
Hexes          | |  2.4

Action                   |  1- 3 |  4- 6 || total
-------------------------+-------+-------++-------
Melee: Dagger            |   161 |    79 ||   240
 Cast: Ensorcelled Hiber |     6 |     3 ||     9
       Confuse           |       |     1 ||     1
 Stab: Sleeping          |     6 |     2 ||     8
  Eat: Chunk             |    19 |     5 ||    24
Armor: Robe              |    56 |    32 ||    88
Dodge: Dodged            |    70 |    23 ||    93
